AoeStats
← VIT Liereyy

Arabian Desert

510311387Analyzed
1v1 RM · 1d ago on Sep 30, 2026· 33m 59s· 2 players
Game mode
Random Map
Map size
Tiny (2 player)
Population
200
Speed
Normal
Resources
Standard
Victory
Conquest
Starting age
Dark Age
Ending age
Imperial Age
RankedLock teamsTeams togetherTeam positionsShared explorationLock speedFull tech treeHidden civsTurbo modeCheats
Victory
Defeat
🇫🇷 Wei · France
2757
+24
🇦🇹 Britons · Austria
2957
-24
DS_Ciskhan
6:27 Loom
8:47 Feudal Age
9:27 Double-Bit Axe
14:01 Fletching
14:48 Horse Collar
20:37 Castle Age
19:27 Scale Barding Armor
19:40 Gold Mining
20:13 Bloodlines
25:52 Wheelbarrow
25:46 Bow Saw
27:06 Bodkin Arrow
29:34 Padded Archer Armor
30:31 Sanctity
30:34 Husbandry
32:38 Leather Archer Armor
VIT Liereyy
6:38 Loom
8:46 Feudal Age
8:57 Man-at-Arms
9:24 Double-Bit Axe
12:39 Fletching
20:04 Castle Age
18:13 Horse Collar
19:02 Arson
19:44 Scale Mail Armor
20:06 Long Swordsman
20:59 Squires
22:02 Pikeman
29:26 Crossbowman
30:47 Ballistics
31:54 Wheelbarrow
31:32 Bodkin Arrow
33:31 Hand Cart
Connection lost

Rejoining the realm…

Still unreachable

The connection could not be restored.

Session expired

The server has moved on; the page needs a fresh start.